TOP OF THE 1ST |
Bristol Pirates batting - Pitching for Philadelphia (APP) Phillies : LHP Phuck II
|
Pitching: LHP Phuck II
|
|
Batting: RHB Perry Dominey
|
0-0: Foul Ball, location: 2F 0-1: Swinging Strike 0-2: Ball 1-2: Ground out 6-3 (Groundball, 6M, EV 105.6 MPH)
|
Batting: RHB Pete Hutton
|
0-0: Ball 1-0: Ball 2-0: Ball 3-0: Called Strike 3-1: Called Strike 3-2: Base on Balls
|
Batting: RHB Etsuro Hosokawa
|
0-0: Ball 1-0: Called Strike 1-1: Called Strike 1-2: Foul Ball, location: 2F 1-2: Foul Ball, location: 2F 1-2: Fielders Choice at 2nd, 4-6 (Groundball, 34, EV 81.9 MPH)
|
Batting: LHB Randy Boone
|
0-0: Ground out 4-3 (Groundball, 4D, EV 101.2 MPH)
|
Top of the 1st over - 0 runs, 0 hits, 0 errors, 1 left on base; Bristol 0 - Philadelphia (APP) 0 |
BOTTOM OF THE 1ST |
Philadelphia (APP) Phillies batting - Pitching for Bristol Pirates : RHP George Sechler
|
Pitching: RHP George Sechler
|
|
Batting: LHB Matt Urbanek
|
0-0: Called Strike 0-1: Ball 1-1: Bunt for hit to 3S - play at first, batter OUT! 3-4
|
Batting: LHB Eric Farren
|
0-0: Ball 1-0: Foul Ball, location: 2F 1-1: Foul Ball, location: 2F 1-2: Foul Ball, location: 2F 1-2: Strikes out looking
|
Batting: RHB Kyle Reilly
|
0-0: Ball 1-0: Foul Ball, location: 2F 1-1: Ball 2-1: Foul Ball, location: 2F 2-2: Strikes out looking
|
Bottom of the 1st over - 0 runs, 0 hits, 0 errors, 0 left on base; Bristol 0 - Philadelphia (APP) 0 |
TOP OF THE 2ND |
Bristol Pirates batting - Pitching for Philadelphia (APP) Phillies : LHP Phuck II
|
Batting: RHB Jaime Dubicki
|
0-0: DOUBLE (Line Drive, 9LS, EV 106.9 MPH)
|
Batting: RHB Randy Bergman
|
0-0: Swinging Strike Passed Ball! Jaime Dubicki to third 0-1: Called Strike 0-2: Ball 1-2: SINGLE (Line Drive, 9S, EV 109.4 MPH) Jaime Dubicki scores
|
Batting: RHB Andrew DeRicco
|
0-0: Ball 1-0: Ball 2-0: Grounds into double play, 6-4-3 (Groundball, 6, EV 86.2 MPH)
|
Batting: RHB Rob Colley
|
0-0: Ground out 3-1 (Groundball, 34, EV 101.2 MPH)
|
Top of the 2nd over - 1 run, 2 hits, 0 errors, 0 left on base; Bristol 1 - Philadelphia (APP) 0 |
BOTTOM OF THE 2ND |
Philadelphia (APP) Phillies batting - Pitching for Bristol Pirates : RHP George Sechler
|
Batting: LHB Alex Fernandez
|
0-0: Ball 1-0: Ground out 4-3 (Groundball, 4, EV 92.5 MPH)
|
Batting: RHB Carlos Morejon
|
0-0: Ball 1-0: Ball 2-0: Called Strike 2-1: Ball 3-1: Base on Balls
|
Batting: LHB Danny Zuniga
|
0-0: Called Strike 0-1: Foul Ball, location: 2F 0-2: Hit by Pitch Carlos Morejon to second
|
Batting: RHB Eduardo Calderon
|
0-0: Ball 1-0: Called Strike 1-1: SINGLE (Groundball, 56S, EV 75.0 MPH) (infield hit) Carlos Morejon to third Danny Zuniga to second
|
Batting: RHB Vaclav Been
|
0-0: Foul Ball, location: 2F 0-1: SINGLE (Groundball, 3D, EV 103.1 MPH) Carlos Morejon scores Danny Zuniga to third Eduardo Calderon to second
|
Batting: RHB Mark Schultz
|
0-0: Ball 1-0: Ball 2-0: Foul Ball, location: 2F 2-1: Ground out 6-3 (Groundball, 6MD, EV 105.6 MPH) Danny Zuniga scores Eduardo Calderon to third Vaclav Been to second
|
Batting: LHB Matt Urbanek
|
0-0: Ball 1-0: Called Strike 1-1: Foul Ball, location: 2F 1-2: Ball 2-2: SINGLE (Flyball, 56D, EV 86.2 MPH) Eduardo Calderon scores Vaclav Been to third Runner from 3rd tries for Home, SAFE, throw by LF to home
|
Batting: LHB Eric Farren
|
0-0: Ball 1-0: Ball 2-0: Ball 3-0: Called Strike 3-1: SINGLE (Line Drive, 8RS, EV 108.1 MPH) Matt Urbanek to second Runner from 2nd tries for 3rd, SAFE, no throw by CF
|
Batting: RHB Kyle Reilly
|
0-0: Called Strike 0-1: Foul Ball, location: 2F 0-2: Ball 1-2: Ball 2-2: Foul Ball, location: 2F 2-2: Foul Ball, location: 2F 2-2: Strikes out swinging
|
Bottom of the 2nd over - 4 runs, 4 hits, 0 errors, 2 left on base; Bristol 1 - Philadelphia (APP) 4 |
TOP OF THE 3RD |
Bristol Pirates batting - Pitching for Philadelphia (APP) Phillies : LHP Phuck II
|
Batting: LHB Tomohiro Yokoyama
|
0-0: Ball 1-0: DOUBLE (Line Drive, 8LXD, EV 107.5 MPH)
|
Batting: RHB Perry Dominey
|
0-0: Foul Ball, location: 2F 0-1: Swinging Strike 0-2: Ball 1-2: Ball 2-2: Foul Ball, location: 2F 2-2: Foul Ball, location: 2F 2-2: Ball 3-2: Strikes out swinging
|
Batting: RHB Pete Hutton
|
0-0: Ball 1-0: Ball 2-0: Ball 3-0: Called Strike 3-1: Called Strike 3-2: Ground out 3-1 (Groundball, 34, EV 105.6 MPH) Tomohiro Yokoyama to third
|
Batting: RHB Etsuro Hosokawa
|
0-0: Swinging Strike 0-1: Foul Ball, location: 2F 0-2: Fly out, F4 (Popup, 3D, EV 59.4 MPH)
|
Top of the 3rd over - 0 runs, 1 hit, 0 errors, 1 left on base; Bristol 1 - Philadelphia (APP) 4 |
BOTTOM OF THE 3RD |
Philadelphia (APP) Phillies batting - Pitching for Bristol Pirates : RHP George Sechler
|
Batting: LHB Alex Fernandez
|
0-0: Called Strike 0-1: Swinging Strike 0-2: Foul Ball, location: 2F 0-2: Ball 1-2: Ball 2-2: Ball 3-2: Strikes out swinging
|
Batting: RHB Carlos Morejon
|
0-0: Foul Ball, location: 2F 0-1: Foul Ball, location: 2F 0-2: Strikes out swinging
|
Batting: LHB Danny Zuniga
|
0-0: Called Strike 0-1: Called Strike 0-2: Fly out, F8 (Flyball, 8LM, EV 95.0 MPH)
|
Bottom of the 3rd over - 0 runs, 0 hits, 0 errors, 0 left on base; Bristol 1 - Philadelphia (APP) 4 |
TOP OF THE 4TH |
Bristol Pirates batting - Pitching for Philadelphia (APP) Phillies : LHP Phuck II
|
Batting: LHB Randy Boone
|
0-0: Foul Ball, location: 2F 0-1: Ball 1-1: Ground out U3 (Groundball, 34S, EV 76.2 MPH)
|
Batting: RHB Jaime Dubicki
|
0-0: Ball 1-0: Called Strike 1-1: Ball 2-1: Ground out 3-1 (Groundball, 34, EV 100.0 MPH)
|
Batting: RHB Randy Bergman
|
0-0: Ball 1-0: Called Strike 1-1: Swinging Strike 1-2: Strikes out swinging
|
Top of the 4th over - 0 runs, 0 hits, 0 errors, 0 left on base; Bristol 1 - Philadelphia (APP) 4 |
BOTTOM OF THE 4TH |
Philadelphia (APP) Phillies batting - Pitching for Bristol Pirates : RHP George Sechler
|
Batting: RHB Eduardo Calderon
|
0-0: Called Strike 0-1: Ball 1-1: Called Strike 1-2: Ball 2-2: Strikes out swinging, 2-3 out at first.
|
Batting: RHB Vaclav Been
|
0-0: Ball 1-0: Fly out, F6 (Line Drive, 6, EV 70.6 MPH)
|
Batting: RHB Mark Schultz
|
0-0: Called Strike 0-1: Called Strike 0-2: Ball 1-2: Ball 2-2: Strikes out swinging
|
Bottom of the 4th over - 0 runs, 0 hits, 0 errors, 0 left on base; Bristol 1 - Philadelphia (APP) 4 |
TOP OF THE 5TH |
Bristol Pirates batting - Pitching for Philadelphia (APP) Phillies : LHP Phuck II
|
Batting: RHB Andrew DeRicco
|
0-0: SOLO HOME RUN (Flyball, 7LD, EV 91.9 MPH), Distance : 332 ft
|
Batting: RHB Rob Colley
|
0-0: Foul Ball, location: 2F 0-1: Foul Ball, location: 2F 0-2: Ball 1-2: Foul Ball, location: 2F 1-2: DOUBLE (Line Drive, 3D, EV 95.0 MPH)
|
Batting: LHB Tomohiro Yokoyama
|
0-0: Called Strike 0-1: Called Strike 0-2: Ball 1-2: Ball 2-2: Foul Ball, location: 2F 2-2: Fly out, F8 (Flyball, 8RM, EV 81.9 MPH)
|
Batting: RHB Perry Dominey
|
0-0: Ball Wild Pitch! Rob Colley to third 1-0: Ball 2-0: Ball 3-0: Base on Balls
|
Batting: RHB Pete Hutton
|
0-0: Ball 1-0: Swinging Strike 1-1: Fielders Choice at 2nd, 6-4 (Groundball, 6, EV 95.0 MPH) Rob Colley scores
|
Batting: RHB Etsuro Hosokawa
|
0-0: Ball 1-0: Ball 2-0: SINGLE (Line Drive, 89S, EV 95.0 MPH) Pete Hutton to second Runner from 2nd tries for 3rd, SAFE, throw by RF made to third
|
Now in CF: Pablo Lopez
|
|
Now in RF: Matt Urbanek
|
|
Batting: LHB Randy Boone
|
0-0: Ball 1-0: Ball Wild Pitch! Pete Hutton scores Etsuro Hosokawa to second 2-0: Called Strike 2-1: Ground out 6-3 (Groundball, 6M, EV 83.8 MPH)
|
Top of the 5th over - 3 runs, 3 hits, 0 errors, 1 left on base; Bristol 4 - Philadelphia (APP) 4 |
BOTTOM OF THE 5TH |
Philadelphia (APP) Phillies batting - Pitching for Bristol Pirates : RHP George Sechler
|
Batting: LHB Matt Urbanek
|
0-0: Bunt missed! 0-1: Ball 1-1: SINGLE (Line Drive, 6MD, EV 96.9 MPH)
|
Batting: LHB Eric Farren
|
0-0: Called Strike 0-1: Ball 1-1: Called Strike Matt Urbanek steals 2nd base 1-2: Ball 2-2: Ball 3-2: Strikes out swinging
|
Batting: RHB Kyle Reilly
|
0-0: Called Strike 0-1: Ball 1-1: DOUBLE (Line Drive, 9LM, EV 96.2 MPH) Matt Urbanek scores
|
Pitching: LHP Phil DeCamp
|
|
Batting: RHB Pablo Lopez
|
0-0: Called Strike 0-1: Ball 1-1: Swinging Strike 1-2: Ball 2-2: Ball 3-2: Ground out 6-3 (Groundball, P, EV 86.2 MPH) Kyle Reilly to third
|
Batting: RHB Carlos Morejon
|
0-0: Foul Ball, location: 2F 0-1: Ball 1-1: Ball 2-1: Ball 3-1: Ground out 5-3 (Groundball, 56S, EV 88.8 MPH)
|
Bottom of the 5th over - 1 run, 2 hits, 0 errors, 1 left on base; Bristol 4 - Philadelphia (APP) 5 |
TOP OF THE 6TH |
Bristol Pirates batting - Pitching for Philadelphia (APP) Phillies : LHP Phuck II
|
Batting: RHB Jaime Dubicki
|
0-0: Ball 1-0: Foul Ball, location: 2F 1-1: Foul Ball, location: 2F 1-2: Strikes out swinging
|
Batting: RHB Randy Bergman
|
0-0: Ball 1-0: Swinging Strike 1-1: Ball 2-1: Foul Ball, location: 2F 2-2: Ball 3-2: Ground out 5-3 (Groundball, 56S, EV 95.0 MPH)
|
Batting: RHB Andrew DeRicco
|
0-0: Ball 1-0: Foul Ball, location: 2F 1-1: Ball 2-1: Ball 3-1: Base on Balls
|
Batting: RHB Rob Colley
|
0-0: Ball 1-0: SINGLE (Groundball, 4MD, EV 101.9 MPH) Andrew DeRicco to second
|
Batting: LHB Tomohiro Yokoyama
|
0-0: Ball 1-0: Called Strike 1-1: Ball 2-1: Swinging Strike 2-2: Strikes out swinging
|
Top of the 6th over - 0 runs, 1 hit, 0 errors, 2 left on base; Bristol 4 - Philadelphia (APP) 5 |
BOTTOM OF THE 6TH |
Philadelphia (APP) Phillies batting - Pitching for Bristol Pirates : LHP Phil DeCamp
|
Batting: LHB Danny Zuniga
|
0-0: Fly out, F9 (Flyball, 9S, EV 90.6 MPH)
|
Batting: RHB Eduardo Calderon
|
0-0: SINGLE (Groundball, 4MD, EV 102.5 MPH)
|
Batting: RHB Vaclav Been
|
0-0: Ball 1-0: DOUBLE (Flyball, 8LXD, EV 103.8 MPH) Eduardo Calderon to third
|
Batting: RHB Mark Schultz
|
0-0: SINGLE (Line Drive, 89S, EV 86.9 MPH) Eduardo Calderon scores Vaclav Been to third
|
Batting: LHB Matt Urbanek
|
0-0: Ball 1-0: Ball 2-0: Called Strike 2-1: Ball 3-1: Base on Balls Mark Schultz to second
|
Batting: LHB Eric Farren
|
0-0: Called Strike 0-1: Ball 1-1: Swinging Strike 1-2: Ball 2-2: Ball 3-2: Base on Balls Vaclav Been scores Mark Schultz to third Matt Urbanek to second
|
Batting: RHB Kyle Reilly
|
0-0: Called Strike 0-1: Called Strike 0-2: Strikes out swinging
|
Batting: RHB Pablo Lopez
|
0-0: Called Strike 0-1: Foul Ball, location: 2F 0-2: Fly out, F8 (Flyball, 8LM, EV 84.4 MPH)
|
Bottom of the 6th over - 2 runs, 3 hits, 0 errors, 3 left on base; Bristol 4 - Philadelphia (APP) 7 |
TOP OF THE 7TH |
Bristol Pirates batting - Pitching for Philadelphia (APP) Phillies : LHP Phuck II
|
Pitching: LHP Ignacio Amaya
|
|
Batting: RHB Perry Dominey
|
0-0: Ball 1-0: Ball 2-0: Swinging Strike 2-1: Foul Ball, location: 2F 2-2: Ball 3-2: Base on Balls
|
Batting: RHB Pete Hutton
|
0-0: Ball 1-0: Fielders Choice at 2nd, 5-4 (Groundball, 25, EV 89.4 MPH)
|
Batting: RHB Etsuro Hosokawa
|
0-0: Ball Pete Hutton steals 2nd base 1-0: Hit by Pitch
|
Batting: LHB Randy Boone
|
0-0: Called Strike 0-1: Fielders Choice at 2nd, 3-6 (Groundball, 34, EV 86.9 MPH) Pete Hutton to third
|
Batting: RHB Jaime Dubicki
|
0-0: Called Strike 0-1: Ball 1-1: Ball 2-1: Ball Randy Boone steals 2nd base 3-1: Ground out 4-3 (Groundball, 4, EV 86.2 MPH)
|
Top of the 7th over - 0 runs, 0 hits, 0 errors, 2 left on base; Bristol 4 - Philadelphia (APP) 7 |
BOTTOM OF THE 7TH |
Philadelphia (APP) Phillies batting - Pitching for Bristol Pirates : LHP Phil DeCamp
|
Pitching: RHP Doug Rawson
|
|
Batting: RHB Carlos Morejon
|
0-0: Called Strike 0-1: Ball 1-1: Foul Ball, location: 2F 1-2: Ball 2-2: Foul Ball, location: 2F 2-2: Fly out, F8 (Line Drive, 8RD, EV 98.1 MPH)
|
Batting: LHB Danny Zuniga
|
0-0: Called Strike 0-1: Called Strike 0-2: Ball 1-2: SINGLE (Line Drive, 5D, EV 94.4 MPH)
|
Batting: RHB Eduardo Calderon
|
0-0: Called Strike 0-1: Ball 1-1: Foul Ball, location: 2F 1-2: Foul Ball, location: 2F 1-2: Foul Ball, location: 2F 1-2: Foul Ball, location: 2F 1-2: Strikes out looking
|
Batting: RHB Vaclav Been
|
0-0: Ball 1-0: Ball 2-0: Called Strike 2-1: 2-RUN HOME RUN (Flyball, 7D, EV 96.9 MPH), Distance : 360 ft
|
Batting: RHB Mark Schultz
|
0-0: Ground out 4-3 (Groundball, 4, EV 90.0 MPH)
|
Bottom of the 7th over - 2 runs, 2 hits, 0 errors, 0 left on base; Bristol 4 - Philadelphia (APP) 9 |
TOP OF THE 8TH |
Bristol Pirates batting - Pitching for Philadelphia (APP) Phillies : LHP Ignacio Amaya
|
Batting: RHB Randy Bergman
|
0-0: Ball 1-0: Foul Ball, location: 2F 1-1: Fly out, F7 (Flyball, 78S, EV 86.2 MPH)
|
Batting: RHB Andrew DeRicco
|
0-0: DOUBLE (Groundball, 3L, EV 103.8 MPH)
|
Pitching: RHP Tony Trevino
|
|
Batting: RHB Rob Colley
|
0-0: Ball 1-0: Ground out 1-3 (Groundball, 13S, EV 68.1 MPH) Andrew DeRicco to third
|
Batting: LHB Tomohiro Yokoyama
|
0-0: Ball 1-0: Swinging Strike 1-1: Swinging Strike 1-2: Strikes out swinging
|
Top of the 8th over - 0 runs, 1 hit, 0 errors, 1 left on base; Bristol 4 - Philadelphia (APP) 9 |
BOTTOM OF THE 8TH |
Philadelphia (APP) Phillies batting - Pitching for Bristol Pirates : RHP Doug Rawson
|
Batting: LHB Matt Urbanek
|
0-0: Foul Ball, location: 2F 0-1: Ball 1-1: Swinging Strike 1-2: Ball 2-2: Strikes out swinging
|
Batting: LHB Eric Farren
|
0-0: Ball 1-0: Foul Ball, location: 2F 1-1: Ball 2-1: Foul Ball, location: 2F 2-2: Strikes out swinging
|
Batting: RHB Kyle Reilly
|
0-0: Called Strike 0-1: Ball 1-1: Swinging Strike 1-2: Foul Ball, location: 2F 1-2: Strikes out swinging passed ball, reaches first!
|
Pitching: RHP Frank Morris
|
|
Batting: RHB Pablo Lopez
|
0-0: Ball 1-0: Called Strike Kyle Reilly steals 2nd base 1-1: Swinging Strike 1-2: Ground out 6-3 (Groundball, 6, EV 101.9 MPH)
|
Bottom of the 8th over - 0 runs, 0 hits, 0 errors, 1 left on base; Bristol 4 - Philadelphia (APP) 9 |
TOP OF THE 9TH |
Bristol Pirates batting - Pitching for Philadelphia (APP) Phillies : RHP Tony Trevino
|
Batting: RHB Perry Dominey
|
0-0: Ground out 1-3 (Groundball, P, EV 70.6 MPH)
|
Batting: RHB Pete Hutton
|
0-0: Ball 1-0: DOUBLE (Line Drive, 9LM, EV 100.0 MPH)
|
Batting: RHB Etsuro Hosokawa
|
0-0: Ball 1-0: Foul Ball, location: 2F 1-1: Ball 2-1: Ball 3-1: Base on Balls
|
Batting: LHB Randy Boone
|
0-0: Ball Wild Pitch! Pete Hutton to third Etsuro Hosokawa to second 1-0: Ground out 5-3 (Groundball, 56, EV 102.5 MPH) Pete Hutton scores
|
Batting: RHB Jaime Dubicki
|
0-0: Ball 1-0: Ball 2-0: Called Strike 2-1: Foul Ball, location: 2F 2-2: Strikes out looking
|
Top of the 9th over - 1 run, 1 hit, 0 errors, 1 left on base; Bristol 5 - Philadelphia (APP) 9 |
|